NYP
VANCOUVER CANADIANS @ CHICAGO (NYP) WHITE SOX
05/05/2048
 
TOP OF THE 1ST
Vancouver Canadians batting - Pitching for Chicago (NYP) White Sox : LHP Bobby Dahlgren
Pitching: LHP Bobby Dahlgren
Batting: RHB Nikita Schram 0-0: Ball
1-0: Foul Ball, location: 2F
1-1: Foul Ball, location: 2F
1-2: Ball
2-2: SOLO HOME RUN (Flyball, 7D, EV 103.8 MPH), Distance : 382 ft
Batting: RHB Dan Hilyer 0-0: DOUBLE (Groundball, 5L, EV 105.6 MPH)
Batting: RHB George King 0-0: Fly out, F7 (Flyball, 78M, EV 91.9 MPH)
Batting: RHB Norm Mercer 0-0: Ball
1-0: Foul Ball, location: 2F
1-1: Swinging Strike
1-2: Ball
2-2: Ball
3-2: Fly out, F7 (Flyball, 78D, EV 86.2 MPH)
Runner from 2nd tags up, SAFE at 3rd with throw by LF
Batting: RHB Carlos Renteria 0-0: Ball
Passed Ball!
Dan Hilyer scores
1-0: DOUBLE (Line Drive, 78M, EV 104.4 MPH)
Batting: LHB Devin Huber 0-0: Swinging Strike
0-1: Foul Ball, location: 2F
0-2: Ball
1-2: Ground out U3 (Groundball, 34S, EV 89.4 MPH)
Top of the 1st over - 2 runs, 3 hits, 0 errors, 1 left on base; Vancouver 2 - Chicago (NYP) 0
BOTTOM OF THE 1ST
Chicago (NYP) White Sox batting - Pitching for Vancouver Canadians : RHP Robby Granados
Pitching: RHP Robby Granados
Batting: RHB Kunimatsu Oya 0-0: Foul Ball, location: 2F
0-1: Ball
1-1: Swinging Strike
1-2: Ball
2-2: Foul Ball, location: 2F
2-2: Ball
3-2: Strikes out swinging
Batting: SHB Andres Agudo 0-0: Called Strike
0-1: Hit by Pitch
Batting: SHB Veit Geisler 0-0: Called Strike
0-1: Swinging Strike
0-2: Strikes out swinging
Batting: RHB Tony Garcia 0-0: Called Strike
0-1: Foul Ball, location: 2F
0-2: Foul Ball, location: 2F
0-2: Ball
1-2: Ball
2-2: Ball
3-2: Hit by Pitch
Andres Agudo to second
Batting: RHB Tyrell Camp 0-0: Called Strike
0-1: Foul Ball, location: 2F
0-2: Fly out, F9 (Flyball, 9S, EV 91.2 MPH)
Bottom of the 1st over - 0 runs, 0 hits, 0 errors, 2 left on base; Vancouver 2 - Chicago (NYP) 0
TOP OF THE 2ND
Vancouver Canadians batting - Pitching for Chicago (NYP) White Sox : LHP Bobby Dahlgren
Batting: RHB Javier Garcia 0-0: Ball
1-0: Ball
2-0: Called Strike
2-1: Foul Ball, location: 2F
2-2: Strikes out swinging
Batting: RHB Ricky Carbajal 0-0: Foul Ball, location: 2F
0-1: Ball
1-1: Foul Ball, location: 2F
1-2: Ball
2-2: Foul Ball, location: 2F
2-2: Foul Ball, location: 2F
2-2: Fly out, F8 (Flyball, 8RD, EV 80.6 MPH)
Batting: RHB Luis Vargas 0-0: Called Strike
0-1: Ball
1-1: Foul Ball, location: 2F
1-2: Ball
2-2: SINGLE (Groundball, 6MD, EV 105.0 MPH)
Batting: RHB Nikita Schram 0-0: Foul Ball, location: 2F
0-1: SINGLE (Line Drive, 4D, EV 103.1 MPH)
Luis Vargas to second
Batting: RHB Dan Hilyer 0-0: Ball
1-0: Called Strike
1-1: Foul Ball, location: 2F
1-2: Ball
2-2: Fly out, F9 (Line Drive, 89D, EV 92.5 MPH)
Top of the 2nd over - 0 runs, 2 hits, 0 errors, 2 left on base; Vancouver 2 - Chicago (NYP) 0
BOTTOM OF THE 2ND
Chicago (NYP) White Sox batting - Pitching for Vancouver Canadians : RHP Robby Granados
Batting: LHB Steve Roepke 0-0: Ball
1-0: Called Strike
1-1: Ball
2-1: Fly out, F8 (Flyball, 8RD, EV 100.6 MPH)
Batting: RHB Yorkis Saiki 0-0: Called Strike
0-1: Ball
1-1: Foul Ball, location: 2F
1-2: Foul Ball, location: 2F
1-2: Strikes out swinging
Batting: RHB Jake Feinstein 0-0: Called Strike
0-1: Ball
1-1: Called Strike
1-2: Ball
2-2: Ball
3-2: Foul Ball, location: 2F
3-2: Base on Balls
Batting: SHB Manny Berrones 0-0: Ball
1-0: Foul Ball, location: 2F
1-1: Called Strike
1-2: Ball
2-2: Ball
3-2: Strikes out swinging
Bottom of the 2nd over - 0 runs, 0 hits, 0 errors, 1 left on base; Vancouver 2 - Chicago (NYP) 0
TOP OF THE 3RD
Vancouver Canadians batting - Pitching for Chicago (NYP) White Sox : LHP Bobby Dahlgren
Batting: RHB George King 0-0: Ball
1-0: Ball
2-0: Ball
3-0: Base on Balls
Batting: RHB Norm Mercer 0-0: Called Strike
George King steals 2nd base
0-1: Foul Ball, location: 2F
0-2: Ball
1-2: SINGLE (Groundball, 56, EV 101.2 MPH)
George King to third
Batting: RHB Carlos Renteria 0-0: Foul Ball, location: 2F
0-1: Ball
1-1: Ball
2-1: Swinging Strike
2-2: Strikes out swinging
Batting: LHB Devin Huber 0-0: Foul Ball, location: 2F
0-1: SINGLE (Groundball, 34D, EV 97.5 MPH)
George King scores
Norm Mercer to second
Runner from 2nd tries for 3rd, SAFE, throw by RF made to third
Batting: RHB Javier Garcia 0-0: Ball
1-0: SINGLE (Line Drive, 5D, EV 96.2 MPH)
Norm Mercer scores
Devin Huber to second
Batting: RHB Ricky Carbajal 0-0: Swinging Strike
0-1: Foul Ball, location: 2F
0-2: DOUBLE (Groundball, 5L, EV 104.4 MPH)
Devin Huber scores
Javier Garcia to third
Runner from 3rd tries for Home, throw by LF and OUT! 7-6-2
Ricky Carbajal to third
Pitching: RHP Danny Levinger
Batting: RHB Luis Vargas 0-0: Foul Ball, location: 2F
0-1: Called Strike
0-2: Ball
1-2: Foul Ball, location: 2F
1-2: Strikes out swinging
Top of the 3rd over - 3 runs, 4 hits, 0 errors, 1 left on base; Vancouver 5 - Chicago (NYP) 0
BOTTOM OF THE 3RD
Chicago (NYP) White Sox batting - Pitching for Vancouver Canadians : RHP Robby Granados
Batting: RHB Kunimatsu Oya 0-0: Ball
1-0: Ground out 5-3 (Groundball, 5, EV 103.8 MPH)
Batting: SHB Andres Agudo 0-0: Called Strike
0-1: Ball
1-1: Ball
2-1: Foul Ball, location: 2F
2-2: Foul Ball, location: 2F
2-2: Foul Ball, location: 2F
2-2: Ground out 4-3 (Groundball, 4, EV 88.8 MPH)
Batting: SHB Veit Geisler 0-0: Ball
1-0: Foul Ball, location: 2F
1-1: Called Strike
1-2: Ball
2-2: Strikes out swinging, 2-3 out at first.
Bottom of the 3rd over - 0 runs, 0 hits, 0 errors, 0 left on base; Vancouver 5 - Chicago (NYP) 0
TOP OF THE 4TH
Vancouver Canadians batting - Pitching for Chicago (NYP) White Sox : RHP Danny Levinger
Batting: RHB Nikita Schram 0-0: Called Strike
0-1: Foul Ball, location: 2F
0-2: Ground out 6-3 (Groundball, 6MD, EV 80.6 MPH)
Batting: RHB Dan Hilyer 0-0: Ball
1-0: Foul Ball, location: 2F
1-1: Foul Ball, location: 2F
1-2: Ball
2-2: Foul Ball, location: 2F
2-2: Strikes out looking
Batting: RHB George King 0-0: Called Strike
0-1: Ball
1-1: Swinging Strike
1-2: Ball
2-2: Ground out 6-3 (Groundball, 6, EV 106.9 MPH)
Top of the 4th over - 0 runs, 0 hits, 0 errors, 0 left on base; Vancouver 5 - Chicago (NYP) 0
BOTTOM OF THE 4TH
Chicago (NYP) White Sox batting - Pitching for Vancouver Canadians : RHP Robby Granados
Batting: RHB Tony Garcia 0-0: Ball
1-0: Ball
2-0: Called Strike
2-1: Ball
3-1: Base on Balls
Batting: RHB Tyrell Camp 0-0: Ball
1-0: Ball
2-0: Called Strike
2-1: Grounds into double play, 6-4-3 (Groundball, 6MD, EV 86.2 MPH)
Batting: LHB Steve Roepke 0-0: Ball
1-0: Foul Ball, location: 2F
1-1: Ground out 1-3 (Groundball, 13, EV 65.6 MPH)
Bottom of the 4th over - 0 runs, 0 hits, 0 errors, 0 left on base; Vancouver 5 - Chicago (NYP) 0
TOP OF THE 5TH
Vancouver Canadians batting - Pitching for Chicago (NYP) White Sox : RHP Danny Levinger
Batting: RHB Norm Mercer 0-0: DOUBLE (Groundball, 3L, EV 105.0 MPH)
Batting: RHB Carlos Renteria 0-0: Ball
1-0: Ball
2-0: Ball
3-0: Called Strike
3-1: Called Strike
3-2: Ground out 5-3 (Groundball, 5, EV 104.4 MPH)
Batting: LHB Devin Huber 0-0: Foul Ball, location: 2F
0-1: Swinging Strike
0-2: Ball
1-2: Foul Ball, location: 2F
1-2: Foul Ball, location: 2F
1-2: Foul Ball, location: 2F
1-2: Foul Ball, location: 2F
1-2: Ball
2-2: Foul Ball, location: 2F
2-2: DOUBLE (Line Drive, 78D, EV 106.2 MPH)
Norm Mercer scores
Batting: RHB Javier Garcia 0-0: Ball
1-0: Fly out, F8 (Flyball, 8LXD, EV 108.1 MPH)
Runner from 2nd tags up, SAFE at 3rd, no throw by CF
Batting: RHB Ricky Carbajal 0-0: Called Strike
0-1: Ball
1-1: Ball
2-1: Ball
3-1: Foul Ball, location: 2F
3-2: Foul Ball, location: 2F
3-2: SINGLE (Line Drive, 6MD, EV 96.9 MPH)
Devin Huber scores
Batting: RHB Luis Vargas 0-0: Ground out 1-3 (Groundball, 13, EV 65.0 MPH)
Top of the 5th over - 2 runs, 3 hits, 0 errors, 1 left on base; Vancouver 7 - Chicago (NYP) 0
BOTTOM OF THE 5TH
Chicago (NYP) White Sox batting - Pitching for Vancouver Canadians : RHP Robby Granados
Batting: RHB Yorkis Saiki 0-0: Swinging Strike
0-1: Ball
1-1: Ground out 6-3 (Groundball, 4MD, EV 83.8 MPH)
Batting: RHB Jake Feinstein 0-0: Called Strike
0-1: Foul Ball, location: 2F
0-2: Ball
1-2: Ball
2-2: Strikes out looking
Batting: SHB Manny Berrones 0-0: Ball
1-0: Ball
2-0: Foul Ball, location: 2F
2-1: Ball
3-1: Swinging Strike
3-2: Base on Balls
Batting: RHB Kunimatsu Oya 0-0: Called Strike
0-1: SINGLE (Line Drive, 8RS, EV 90.6 MPH)
Manny Berrones to second
Batting: SHB Andres Agudo 0-0: Fly out, F9 (Flyball, 9, EV 83.1 MPH)
Bottom of the 5th over - 0 runs, 1 hit, 0 errors, 2 left on base; Vancouver 7 - Chicago (NYP) 0
TOP OF THE 6TH
Vancouver Canadians batting - Pitching for Chicago (NYP) White Sox : RHP Danny Levinger
Batting: RHB Nikita Schram 0-0: Ball
1-0: Ball
2-0: Ball
3-0: Base on Balls
Batting: RHB Dan Hilyer 0-0: Called Strike
0-1: Called Strike
Nikita Schram steals 2nd base
0-2: Ball
1-2: 2-RUN HOME RUN (Flyball, 7D, EV 95.6 MPH), Distance : 377 ft
Batting: RHB George King 0-0: Swinging Strike
0-1: Swinging Strike
0-2: Strikes out looking
Batting: RHB Norm Mercer 0-0: Called Strike
0-1: SINGLE (Groundball, 34D, EV 96.9 MPH)
Pitching: RHP Shuuhei Watanabe
Batting: RHB Carlos Renteria 0-0: Foul Ball, location: 2F
0-1: Fly out, F9 (Flyball, 89D, EV 91.2 MPH)
Batting: LHB Devin Huber 0-0: Ground out U3 (Groundball, 3L, EV 84.4 MPH)
Top of the 6th over - 2 runs, 2 hits, 0 errors, 1 left on base; Vancouver 9 - Chicago (NYP) 0
BOTTOM OF THE 6TH
Chicago (NYP) White Sox batting - Pitching for Vancouver Canadians : RHP Robby Granados
Batting: SHB Veit Geisler 0-0: Called Strike
0-1: Foul Ball, location: 2F
0-2: Fly out, F8 (Line Drive, 8RD, EV 83.1 MPH)
Batting: RHB Tony Garcia 0-0: Foul Ball, location: 2F
0-1: Foul Ball, location: 2F
0-2: Ball
1-2: Ball
2-2: Foul Ball, location: 2F
2-2: Foul Ball, location: 2F
2-2: Ball
3-2: Strikes out swinging
Batting: RHB Tyrell Camp 0-0: Swinging Strike
0-1: Called Strike
0-2: Ball
1-2: Ball
2-2: Foul Ball, location: 2F
2-2: Ball
3-2: Base on Balls
Pitching: LHP Quadir Dade
Batting: LHB Steve Roepke 0-0: Ball
1-0: Fly out, F6 (Popup, 6S, EV 71.9 MPH)
Bottom of the 6th over - 0 runs, 0 hits, 0 errors, 1 left on base; Vancouver 9 - Chicago (NYP) 0
TOP OF THE 7TH
Vancouver Canadians batting - Pitching for Chicago (NYP) White Sox : RHP Shuuhei Watanabe
Batting: RHB Javier Garcia 0-0: Ball
1-0: Ball
2-0: Ball
3-0: Called Strike
3-1: Swinging Strike
3-2: Foul Ball, location: 2F
3-2: Fly out, F7 (Flyball, 7LSF, EV 78.1 MPH)
Batting: RHB Ricky Carbajal 0-0: Foul Ball, location: 2F
0-1: Hit by Pitch
Batting: RHB Luis Vargas 0-0: Fly out, F8 (Flyball, 8RD, EV 91.2 MPH)
Pinch Hitting: RHB Braydon Pinsent 0-0: Foul Ball, location: 2F
0-1: Ball
Wild Pitch!
Ricky Carbajal to second
1-1: Foul Ball, location: 2F
1-2: Strikes out swinging
Top of the 7th over - 0 runs, 0 hits, 0 errors, 1 left on base; Vancouver 9 - Chicago (NYP) 0
BOTTOM OF THE 7TH
Chicago (NYP) White Sox batting - Pitching for Vancouver Canadians : LHP Quadir Dade
Now at 1B: Braydon Pinsent
Batting: RHB Yorkis Saiki 0-0: Ball
1-0: Called Strike
1-1: Swinging Strike
1-2: Strikes out swinging
Batting: RHB Jake Feinstein 0-0: Foul Ball, location: 2F
0-1: Ball
1-1: Ground out 4-3 (Groundball, 4, EV 90.0 MPH)
Batting: SHB Manny Berrones 0-0: Called Strike
0-1: Ground out 4-3 (Groundball, 4M, EV 99.4 MPH)
Bottom of the 7th over - 0 runs, 0 hits, 0 errors, 0 left on base; Vancouver 9 - Chicago (NYP) 0
TOP OF THE 8TH
Vancouver Canadians batting - Pitching for Chicago (NYP) White Sox : RHP Shuuhei Watanabe
Batting: RHB Dan Hilyer 0-0: Called Strike
0-1: Swinging Strike
0-2: Ball
1-2: Foul Ball, location: 2F
1-2: Strikes out swinging
Pinch Hitting: RHB Elliot Manfredini 0-0: Called Strike
0-1: Foul Ball, location: 2F
0-2: Ball
1-2: Strikes out swinging
Batting: RHB Norm Mercer 0-0: Ball
1-0: Ball
2-0: Ball
3-0: Called Strike
3-1: Ground out 4-3 (Groundball, 4S, EV 80.0 MPH)
Top of the 8th over - 0 runs, 0 hits, 0 errors, 0 left on base; Vancouver 9 - Chicago (NYP) 0
BOTTOM OF THE 8TH
Chicago (NYP) White Sox batting - Pitching for Vancouver Canadians : LHP Quadir Dade
Now at 2B: Elliot Manfredini
Batting: RHB Kunimatsu Oya 0-0: Foul Ball, location: 2F
0-1: Foul Ball, location: 2F
0-2: Ball
1-2: Strikes out swinging
Pinch Hitting: RHB Bastiaan Leenders 0-0: Ball
1-0: Called Strike
1-1: Called Strike
1-2: Foul Ball, location: 2F
1-2: Strikes out looking
Batting: SHB Veit Geisler 0-0: Ball
1-0: Called Strike
1-1: Swinging Strike
1-2: Ball
2-2: Strikes out looking
Bottom of the 8th over - 0 runs, 0 hits, 0 errors, 0 left on base; Vancouver 9 - Chicago (NYP) 0
TOP OF THE 9TH
Vancouver Canadians batting - Pitching for Chicago (NYP) White Sox : RHP Shuuhei Watanabe
Now in CF: Bastiaan Leenders
Pinch Hitting: RHB Victor Ayala 0-0: Called Strike
0-1: Ground out 4-3 (Groundball, 4M, EV 83.8 MPH)
Batting: LHB Devin Huber 0-0: Called Strike
0-1: Ball
1-1: Foul Ball, location: 2F
1-2: Ball
2-2: Ball
3-2: Strikes out swinging
Batting: RHB Javier Garcia 0-0: Ball
1-0: Ground out 6-3 (Groundball, 6S, EV 71.2 MPH)
Top of the 9th over - 0 runs, 0 hits, 0 errors, 0 left on base; Vancouver 9 - Chicago (NYP) 0
BOTTOM OF THE 9TH
Chicago (NYP) White Sox batting - Pitching for Vancouver Canadians : LHP Quadir Dade
Now at 2B: Victor Ayala
Now at SS: Elliot Manfredini
Batting: RHB Tony Garcia 0-0: Ball
1-0: Foul Ball, location: 2F
1-1: Ball
2-1: Ball
3-1: Base on Balls
Batting: RHB Tyrell Camp 0-0: Ball
1-0: Foul Ball, location: 2F
1-1: Swinging Strike
1-2: Ball
2-2: Ball
3-2: Foul Ball, location: 2F
3-2: Strikes out looking
Batting: LHB Steve Roepke 0-0: Called Strike
0-1: Ball
Wild Pitch!
Tony Garcia to second
1-1: Called Strike
1-2: Ball
2-2: Foul Ball, location: 2F
2-2: Ball
3-2: Strikes out swinging
Batting: RHB Yorkis Saiki 0-0: Ball
1-0: Called Strike
1-1: Foul Ball, location: 2F
1-2: Ball
2-2: Strikes out looking
Bottom of the 9th over - 0 runs, 0 hits, 0 errors, 1 left on base; Vancouver 9 - Chicago (NYP) 0
Tuesday, March 28th , 2023 - OOTP Baseball 23.10 Build 110